 Dungeon Crawl Stone Soup version 0.30-a0-263-ge22c4ad894 (webtiles) character file.

Game seed: 5811512846735816849

44 jlumianski the Chopper (level 3, 0/27 HPs)
             Began as a Demonspawn Gladiator on Oct 13, 2022.
             Slain by an adder (3 damage)
             ... on level 2 of the Dungeon.
             The game lasted 00:03:34 (748 turns).

jlumianski the Chopper (Demonspawn Gladiator)        Turns: 748, Time: 00:03:36

Health: 0/27       AC:  9    Str: 16    XL:     3   Next: 39%
Magic:  3/3        EV:  7    Int:  9    God:
Gold:   123        SH:  0    Dex: 14    Spells: 2/2 levels left

rFire   . . .      SeeInvis .    a - +0 war axe
rCold   . . .      Faith    .    (no shield)
rNeg    . . .      Spirit   .    k - +0 chain mail
rPois   .          Reflect  .    c - +0 helmet
rElec   .          Harm     .    l - scarf {shadows}
rCorr   .          Rampage  .    (no gloves)
Will    .....                    (no boots)
Stlth   ..........               (no amulet)
HPRegen 0.24/turn                (no ring)
MPRegen 0.08/turn                (no ring)

@: lethally poisoned (0 -> -10)
A: foul stench 1, powered by pain 1
a: no special abilities


You were on level 2 of the Dungeon.
You visited 1 branch of the dungeon, and saw 2 of its levels.

You collected 123 gold pieces.

Inventory:

Hand Weapons
 a - a +0 war axe (weapon)
Missiles
 d - 3 throwing nets
 e - 5 javelins (quivered)
 p - 3 boomerangs
Armour
 b - a +0 leather armour
 c - a +0 helmet (worn)
 k - a +0 chain mail (worn)
 l - a scarf of shadows (worn)
Magical Staves
 f - a staff of earth
Scrolls
 g - a scroll of immolation {unknown}
 h - a scroll of silence {unknown}
 i - a scroll of butterflies {unknown}
 j - a scroll of identify {unknown}
 n - a scroll of magic mapping {unknown}
 q - 3 scrolls of enchant armour {unknown}
Potions
 m - a potion of brilliance {unknown}
 o - a potion of mutation {unknown}


   Skills:
 + Level 2.3 Fighting
 + Level 3.4 Axes
 + Level 1.8 Throwing
 + Level 0.7 Armour
 + Level 3.0 Dodging


You had 2 spell levels left.
You didn't know any spells.
Your spell library was empty.

Dungeon Overview and Level Annotations

Branches:
Dungeon (2/15)

Altars:


Innate Abilities, Weirdness & Mutations

You may rarely emit foul miasma when damaged in melee.
You sometimes gain a little power by taking damage.


Message History

You barely miss the adder. Your punch misses the adder.
You feel sick. The adder bites you.
You are more poisoned.
The adder poisons you! The adder bites you but does no damage.
You barely miss the adder.
You feel very sick. The adder bites you.
You closely miss the adder.
You feel sick. The adder barely misses you.
The adder bites you but does no damage.
You completely miss the adder.
You feel sick.
The adder bites you but does no damage. x2
You closely miss the adder.
You feel sick.
The adder bites you but does no damage. x2
You closely miss the adder.
You feel sick. The adder bites you.
You hit the adder.
The adder is moderately wounded.
You feel sick.
You are no longer poisoned.
The adder bites you but does no damage. The adder barely misses you.
You miss the adder.
The adder is moderately wounded.
The adder bites you but does no damage. x2
You closely miss the adder.
The adder is moderately wounded.
The adder bites you.
You are poisoned.
The adder poisons you!
You barely miss the adder.
The adder is moderately wounded.
* * * LOW HITPOINT WARNING * * *
You feel very sick. The adder bites you but does no damage.
The adder bites you.
* * * LOW HITPOINT WARNING * * *
You completely miss the adder.
The adder is moderately wounded.
You feel sick. The adder bites you.
* * * LOW HITPOINT WARNING * * *
You are more poisoned.
The adder poisons you! The adder bites you.
You die...

... #.# .#.... #.# ......
... ..#.S #.# .!..
#.####'####.# #..
......@S.....
#.#######'################
#......†...............>..
#....#.####+####.#####...###
....#####..##.##..######...#
... ###.....###........# .#
###.########.#...##
##.#(....<.........
#.........###...###


You could see an adder.

Vanquished Creatures
  A gnoll (D:1)
  A dart slug (D:1)
  A bat (D:1)
  A giant cockroach (D:1)
  4 goblins (D:1)
  6 hobgoblins (D:1)
  3 jackals (D:1)
  2 kobolds (D:1)
  A quokka (D:1)
  5 ball pythons
  A frilled lizard (D:1)
  2 rats (D:1)
28 creatures vanquished.

Notes
Turn   | Place    | Note
-------+----------+-------------------------------------------
     0 | D:1      | jlumianski the Demonspawn Gladiator began the quest for the
                  | Orb.
     0 | D:1      | Reached XP level 1. HP: 16/16 MP: 1/1
   151 | D:1      | Gained mutation: You sometimes gain a little power by
                  | taking damage. [demonic ancestry]
   151 | D:1      | Reached XP level 2. HP: 9/22 MP: 2/2
   238 | D:1      | Gained mutation: You may rarely emit foul miasma when
                  | damaged in melee. [demonic ancestry]
   238 | D:1      | Reached XP level 3. HP: 22/27 MP: 3/3
   748 | D:2      | Slain by an adder

Illustrated notes

Levels and vault maps discovered:
D:1:      dpeg_arrival_rooms_with_view, layout_rooms
D:2:      layout_rooms, solitary_fountain, interstate_on_off

Skill      XL: |  1  2  3 |
---------------+----------+-----
Axes           | 3 |  3.4
Dodging        | 3 |  3.0
Fighting       | |  2.3
Throwing       | |  1.8
Armour         | |  0.7

Action                   || total
-------------------------++-------
Melee: War axe           ||    71
       Punch             ||     1
Throw: Javelin           ||     1
Armor: Leather armour    ||    20
       Chain mail        ||    39
Dodge: Dodged            ||    54

Table legend: (Time is in decaauts)
 A = Elapsed time spent in this place.
 B = Non-inter-level travel time spent in this place.
 C = Inter-level travel time spent in this place.
 D = Time resting spent in this place.
 E = Time spent auto-exploring this place.
 F = Levels seen in this place.
 G = Mean time per level.
                   A        B        C        D        E       F      G
               +--------+--------+--------+--------+--------+-----+--------+
         Total |    775 |    759 |     16 |      7 |    248 |   2 |  387.5 |
       Dungeon |    775 |    759 |     16 |      7 |    248 |   2 |  387.5 |
               +--------+--------+--------+--------+--------+-----+--------+

Top non-repeatable levels by time:
     D:1: 658 daAuts
     D:2: 117 daAuts
